Map: Winter Madness LE

Players

VersuS - Winner!

  • Race: Zerg Zerg
  • League: Platinum
  • Spawn Location: 5:00

Shezam

  • Race: Zerg Zerg
  • League: Silver
  • Spawn Location: 11:00

VOD

Have the link to the VOD?

Description

Time

  • Played on: April 9, 2026, 8:48 a.m.
  • Length: 3:52
Show
View Real Time Build Order
Export as new Build Order

VersuS Zerg - Winner!

Build Orders: Pool First 

Get SALT Encoding   

  12  0:01  Drone  
  13  0:08  Drone  
  14  0:16  Overlord  
  14  0:24  Extractor  
  14  0:25  Drone  
  15  0:36  Drone x2  
  17  0:45  Drone  
  18  0:51  Spawning Pool  
  18  0:55  Extractor  
  18  0:56  Drone  
  17  1:17  Drone  
  18  1:19  Hatchery  
  18  1:21  Drone  
  18  1:30  Drone  
  19  1:38  Queen  
  21  1:47  Overlord  
  21  1:54  Zergling x2  
  21  1:57  Metabolic Boost  
  22  2:14  Drone x2  
  24  2:24  Drone  
  25  2:39  Queen  
  25  2:40  Overlord  
  25  2:42  Zergling x4  
  29  2:47  Baneling Nest  
  29  2:48  Zergling x2  
  29  2:59  Zergling x8  
  33  3:15  Zergling x8  
  37  3:21  Zergling x2  
  37  3:22  Zergling x4  
  37  3:27  Zergling x4  
Show
View Real Time Build Order
Export as new Build Order

Shezam Zerg 

Build Orders: Pool First 

Get SALT Encoding   

  12  0:00  Drone  
  13  0:13  Overlord  
  13  0:22  Drone  
  14  0:31  Drone x2  
  16  0:36  Drone  
  17  0:46  Drone  
  18  0:52  Spawning Pool  
  18  0:56  Drone  
  18  1:00  Extractor  
  17  1:07  Drone  
  18  1:17  Hatchery  
  17  1:19  Drone  
  18  1:28  Drone  
  19  1:39  Queen  
  21  1:40  Overlord  
  21  1:54  Zergling x2  
  21  2:01  Zergling x2  
  23  2:08  Metabolic Boost  
  23  2:12  Zergling x2  
  24  2:18  Queen  
  24  2:22  Overlord  
  26  2:35  Drone x2  
  26  2:36  Queen  
  30  2:47  Drone x3  
  30  2:50  Drone x2  
  35  3:07  Drone x3  
  35  3:08  Drone  
  39  3:17  Drone  
  39  3:18  Roach Warren  
  39  3:20  Drone  
Tags
 
Add a new tag
Caveats
  • Supply blocks, unpowered buildings, or Contaminate may cause inaccurate times.
  • Supply counts are checked every 10 seconds.